Map: Kairos Junction LE

Players

johnTHEbapt

  • Race: Protoss Protoss
  • Spawn Location: 5:00

Throwfordays - Winner!

  • Race: Zerg Zerg
  • League: Silver
  • Spawn Location: 11:00

VOD

Have the link to the VOD?

Description

Time

  • Played on: May 17, 2019, 4:55 p.m.
  • Length: 7:20
Show
View Real Time Build Order
Export as new Build Order

johnTHEbapt Protoss 

Build Orders:  

Get SALT Encoding   

  12  0:01  Probe  
  13  0:13  Probe  
  14  0:19  Pylon  
  14  0:25  Probe  
  15  0:40  Forge  
  15  0:42  Probe  
  16  0:58  Pylon  
  16  1:07  Probe  
  17  1:11  Gateway  
  17  1:15  Assimilator  
  17  1:19  Probe  
  17  1:25  Assimilator  
  18  1:32  Probe  
  19  1:44  Probe  
  19  1:55  Nexus  
  19  1:56  Probe  
  20  2:08  Probe  
  21  2:12  Cybernetics Core  
  21  2:20  Probe  
  22  2:28  Warp Gate  
  22  2:32  Probe  
  22  2:33  Pylon  
  23  2:38  Assimilator  
  23  2:41  Assimilator  
  23  2:51  Probe  
  23  2:52  Pylon  
  23  2:56  Pylon  
  24  3:03  Probe  
  25  3:10  Probe  
  26  3:15  Probe  
  27  3:22  Probe  
  27  3:23  Stalker  
  30  3:27  Probe  
  30  3:33  Pylon  
  31  3:40  Probe  
  32  3:44  Pylon  
  32  3:50  Stargate  
  32  3:52  Probe  
  33  3:58  Robotics Facility  
  33  4:04  Photon Cannon  
  33  4:05  Photon Cannon  
  33  4:15  Probe  
  34  4:17  Protoss Shields Level 1  
  34  4:19  Probe  
  35  4:27  Probe  
  35  4:31  Stalker  
  38  4:39  Probe  
  41  4:48  Observer  
  41  4:51  Probe  
  41  5:02  Stalker  
  41  5:03  Probe  
  44  5:09  Observer  
  45  5:15  Probe  
  46  5:22  Stargate  
  46  5:24  Stargate  
  46  5:27  Probe  
  47  5:31  Observer  
  47  5:33  Pylon  
  48  5:39  Probe  
  44  5:45  Stalker  
  46  5:52  Probe  
  47  6:04  Probe  
  48  6:06  Gateway  
  48  6:07  Gateway  
  48  6:09  Gateway  
  48  6:11  Gateway, Stalker  
  48  6:16  Probe  
  47  6:38  Stalker  
  48  7:04  Photon Cannon  
Show
View Real Time Build Order
Export as new Build Order

Throwfordays Zerg - Winner!

Build Orders: Hatch First 

Get SALT Encoding   

  12  0:01  Drone  
  13  0:10  Drone  
  14  0:16  Overlord  
  14  0:44  Hatchery  
  14  0:46  Drone  
  14  1:07  Drone x3  
  17  1:25  Spawning Pool  
  16  1:26  Drone  
  16  1:30  Drone  
  18  1:33  Extractor  
  17  1:53  Drone x2  
  19  2:02  Drone  
  19  2:04  Drone  
  21  2:10  Drone  
  21  2:13  Zergling x2  
  23  2:17  Queen  
  25  2:23  Drone  
  25  2:25  Queen  
  25  2:27  Overlord  
  28  2:36  Overlord  
  28  2:46  Zergling x2  
  28  2:47  Zergling x2  
  30  2:53  Drone x2  
  30  2:58  Queen  
  32  3:00  Zergling x2  
  35  3:05  Queen  
  35  3:07  Drone  
  35  3:11  Overlord  
  38  3:12  Metabolic Boost  
  38  3:16  Drone  
  39  3:23  Extractor  
  39  3:27  Drone x3  
  39  3:32  Drone  
  42  3:35  Lair  
  42  3:45  Drone x5  
  47  3:57  Evolution Chamber  
  47  3:58  Drone x2  
  47  4:00  Zergling x6  
  51  4:13  Overlord x2  
  51  4:15  Drone  
  52  4:25  Evolution Chamber  
  52  4:26  Baneling Nest  
  52  4:27  Drone x2  
  52  4:29  Overlord  
  52  4:33  Zergling x6  
  52  4:36  Zerg Melee Weapons Level 1  
  55  4:41  Drone  
  55  4:42  Drone x2  
  55  4:45  Extractor  
  57  4:51  Drone  
  57  4:52  Drone  
  59  4:54  Drone  
  59  4:56  Hatchery  
  59  4:59  Zerg Ground Armor Level 1  
  59  5:11  Centrifical Hooks  
  59  5:13  Zergling x2  
  59  5:14  Zergling x10  
  65  5:23  Nydus Network  
  64  5:31  Drone  
  64  5:32  Drone x2  
  64  5:35  Extractor  
  65  5:54  Zergling x6  
  67  6:07  Nydus Canal  
  67  6:10  Overseer  
Tags
 
League
Silver
Matchup
PvZ
Replay Pack
Multiplayer
Spawn Locations
Cross Positions
Add a new tag
Caveats
  • Supply blocks, unpowered buildings, or Contaminate may cause inaccurate times.
  • Supply counts are checked every 10 seconds.